 Dungeon Crawl Stone Soup version 0.14-a0-1765-g49ce880 (webtiles) character file.

108 Jenx the Covered (level 3, -3/30 HPs)
             Began as a Minotaur Assassin on Jan 5, 2014.
             Slain by a gnoll
             ... wielding a +1,+1 halberd
              (5 damage)
             ... on Level 2 of the Dungeon.
             The game lasted 00:04:26 (1763 turns).

Jenx the Covered (Minotaur Assassin)                Turns: 1763, Time: 00:04:26

HP  -3/30        AC 10     Str 15      XL: 3   Next: 91%
MP   2/2         EV  6     Int  8      God:
Gold 44          SH  0     Dex 12      Spells:  0 memorised,  2 levels left

rFire  . . .     SeeInvis .     b - +0 blowgun
rCold  . . .     Clarity  .     t - +0 chain mail
rNeg   . . .     Conserve .     (no shield)
rPois  .         rCorr    .     (helmet restricted)
rElec  .         rRot     .     d - +0 cloak
SustAb . .       Spirit   .     (no gloves)
rMut   .         Warding  .     (no boots)
Saprov . . .     Stasis   .     (no amulet)
                                (no ring)
                                (no ring)

@: not resistant to hostile enchantments, extremely unstealthy
A: retaliatory headbutt, horns 2
a: no special abilities


You were on level 2 of the Dungeon.
You were hungry.

You visited 1 branch of the dungeon, and saw 2 of its levels.

You collected 44 gold pieces.

Inventory:

Hand weapons
 a - a +2,+2 dagger
 b - a +0 blowgun (weapon)
Missiles
 e - 6 poisoned needles (quivered)
 f - 2 curare-tipped needles
Armour
 d - a +0 cloak (worn)
 t - a +0 chain mail (worn)
Comestibles
 g - a bread ration
 h - a rotting chunk of giant gecko flesh
 j - a chunk of bat flesh
 n - a chunk of bat flesh
 u - a chunk of hobgoblin flesh
 v - a chunk of goblin flesh
Scrolls
 c - a scroll of curse weapon {unknown}
 i - 3 scrolls of identify {unknown}
 k - 2 scrolls of noise {unknown}
 o - 4 scrolls of remove curse {unknown}
 p - a scroll of fog {unknown}
 r - a scroll of enchant armour {unknown}
 s - a scroll of blinking {unknown}
Potions
 l - a potion of heal wounds {unknown}
 m - a potion of invisibility {unknown}
 q - a potion of beneficial mutation {unknown}


   Skills:
 - Level 2.5 Fighting
 - Level 2.1 Short Blades
 - Level 2.0 Throwing
 + Level 4.3 Armour
 - Level 1.1 Dodging
 - Level 3.2 Stealth


You had 2 spell levels left.
You didn't know any spells.

Dungeon Overview and Level Annotations

Branches:
Dungeon (2/16)

Altars:


Innate Abilities, Weirdness & Mutations

You reflexively headbutt those who attack you in melee.
You have a pair of horns on your head.


Message History

The gnoll barely misses you. You furiously retaliate!
You headbutt the gnoll!
You kill the gnoll!
You see here an orcish club.
Drink which item? (? for menu, Esc to quit)
Okay, then.
b - a +0 blowgun (weapon)
The gnoll hits you from afar with a halberd!
* * * LOW HITPOINT WARNING * * *
There is an open door here.
Firing (i - inventory. (,) - cycle):
e - 8 poisoned needles (quivered)
Press: ? - help, Shift-Dir - straight line, f - gnoll
Aim: a gnoll, wielding a halberd You shoot a poisoned needle.
The poisoned needle hits the gnoll.
The gnoll is poisoned.
The gnoll hits you but does no damage.
Firing (i - inventory. (,) - cycle):
e - 7 poisoned needles (quivered)
Press: ? - help, Shift-Dir - straight line, f/p - gnoll
Aim: a gnoll, wielding a halberd (moderately wounded, poisoned)
You shoot a poisoned needle. The poisoned needle misses the gnoll.
The gnoll hits you from afar with a halberd.
You die...

# ........)......... #
#.####.##.###.###. ... #.# .# ##
### #.# # .. ##'## #.######
##...## # #......# ##.....## .#
##.#.# ##.......######.###
########%...###.@.g.....##......#
..............+<..g..(..'(......#
########....###.........##)#....#
##.#.####.......###.##.#.#
#.....###.....## #g# ...#
####.###.# ##...## #.# #.# #....#
.# ##+## #.# #.# #g##.# #
#.####.# #. #... #....g.#


You could see 2 gnolls.

Vanquished Creatures
  A gnoll (D:2)
  An adder (D:2)
  A giant mite (D:2)
  3 giant geckos
  3 ball pythons
  4 bats
  2 giant cockroaches (D:1)
  5 goblins
  2 hobgoblins
  6 kobolds
  3 giant newts (D:1)
  8 rats
39 creatures vanquished.

Notes
Turn   | Place    | Note
--------------------------------------------------------------
     0 | D:1      | Jenx, the Minotaur Assassin, began the quest for the Orb.
     0 | D:1      | Reached XP level 1. HP: 18/18 MP: 1/1
     0 | D:1      | Noticed a giant frog
     5 | D:1      | Noticed a giant frog
   178 | D:1      | Reached skill level 1 in Armour
   350 | D:1      | Reached XP level 2. HP: 20/25 MP: 1/1
   923 | D:1      | Noticed a spiny frog
   936 | D:1      | Noticed a spiny frog
  1084 | D:1      | Reached XP level 3. HP: 30/30 MP: 2/2
  1689 | D:2      | Reached skill level 4 in Armour
  1752 | D:2      | HP: 1/30 [gnoll/halberd (11)]
  1763 | D:2      | Slain by a gnoll

Action                   || total
-------------------------++-------
Melee: Dagger            ||   110
 Fire: Blowgun           ||     2
